 Dungeon Sprint DCSS version 0.21.2 (webtiles) character file.

200 sanboga the Cleaver (level 5, 0/36 HPs)
             Began as a Gargoyle Monk on Jan 2, 2019.
             Was a High Priest of Trog.
             Slain by a slime creature (11 damage)
             ... in the Dungeon (Sprint V: "Ziggurat Sprint").
             The game lasted 00:02:10 (212 turns).

sanboga the Cleaver (Gargoyle Monk)                  Turns: 212, Time: 00:02:11

Health: 0/36       AC: 30    Str: 28    XL:     5   Next: 78%
Magic:  5/5        EV:  8    Int: 10    God:    Trog [*****.]
Gold:   0          SH:  0    Dex: 12    Spells: 4/4 levels left

rFire    . . .     SeeInvis .   A - +5 executioner's axe
rCold    . . .     Gourm    .   (shield currently unavailable)
rNeg     + . .     Faith    .   a - +15 Maxwell's patent armour {-Cast -Tele rElec MR+ rCorr}
rPois    ∞         Spirit   .   (no helmet)
rElec    +         Reflect  .   (no cloak)
rCorr    +         Harm     .   (no gloves)
MR       +....     NoTele   +   (no boots) Stlth ..........NoCast +
                                (no amulet)
HPRegen  0.12/turn              v - +6 ring of strength
MPRegen  0.09/turn              w - +6 ring of strength

@: confused, very slightly contaminated, invisible
A: negative energy resistance 1, electricity resistance, unbreathing,
petrification resistance, rot immunity, AC +4
a: Berserk, Trog's Hand, Brothers in Arms, Burn Spellbooks, Renounce Religion


You were in the Dungeon.
You worshipped Trog.
Trog was extremely pleased with you.
You were not hungry.

You visited 1 branch

Inventory:

Hand Weapons
 A - a +5 executioner's axe (weapon)
Armour
 a - the +15 Maxwell's patent armour (worn) {-Cast -Tele rElec MR+ rCorr}
   (You found it in the Dungeon)

   It insulates you from electricity.
   It affects your resistance to hostile enchantments.
   It prevents spellcasting.
   It prevents most forms of teleportation.
   It protects you from acid and corrosion.
Jewellery
 v - a +6 ring of strength (left hand)
 w - a +6 ring of strength (right hand)
Wands
 x - a wand of disintegration (7)
 y - a wand of iceblast (7)
 z - a wand of acid (7)
Scrolls
 i - 4 scrolls of blinking
 m - 7 scrolls of fog
 n - a scroll of holy word
 o - 5 scrolls of identify
 p - 5 scrolls of remove curse
 q - 2 scrolls of fear
Potions
 d - 10 potions of curing
 e - 9 potions of heal wounds
 f - 6 potions of haste
 g - a potion of invisibility
 h - 4 potions of resistance
 k - 5 potions of agility
 l - 5 potions of might
Comestibles
 c - 7 rations


   Skills:
 + Level 5.9 Fighting
 * Level 10.9 Axes
 + Level 4.0 Armour
 - Level 3.0 Dodging
 - Level 3.4 Stealth


You had 4 spell levels left.
You didn't know any spells.

Dungeon Overview and Level Annotations

Branches:
Dungeon (1/1)

Altars:
Ashenzari
Cheibriados
Dithmenos
Elyvilon
Fedhas
Gozag
Hepliaklqana
Kikubaaqudgha
Makhleb
Nemelex Xobeh
Okawaru
Qazlal
Ru
Sif Muna
Trog
Uskayaw
Vehumet
Wu Jian
Xom
Yredelemnul
Zin
The Shining One
Beogh
Jiyva
Lugonu

Annotations:
D 1 transporter


Innate Abilities, Weirdness & Mutations

You are resistant to torment.
Your stone body is resilient. (AC +4)
You are immune to poison.
You resist negative energy. (rN+)
You are resistant to electric shocks. (rElec)
You can survive without breathing.
You are immune to petrification.
You are immune to rotting.


Message History

The slime creature hits you but does no damage.
You bump into the unnaturally hard rock wall.
The slime creature quivers.
The slime creature hits you.
You bump into the unnaturally hard rock wall.
The slime creature quivers.
The slime creature hits you but does no damage.
The golden eye blinks at you.
You slash the slime creature!
The slime creature is almost dead.
The slime creature quivers. x2
The slime creature hits you.
The slime creature hits you but does no damage.
You bump into the unnaturally hard rock wall.
The slime creature quivers.
The slime creature hits you but does no damage.
You bump into the unnaturally hard rock wall.
The slime creature quivers.
The slime creature hits you!
You die...

▓..©..▓..©..▓▓▓▓▓
▓▓▓▓▓▓▓▓▓▓▓▓▓▓
▓..8©8...▓
▓..}[)...▓
▓...=....▓
▓........▓
▓........▓
▓G▓....▓.▓
▓@JJ©....▓
▓▓▓▓▓▓▓▓▓▓


You could see 2 slime creatures and a golden eye.

Vanquished Creatures
  2 quasits (D)
  A mummy (D)
  2 shadow imps (D)
  A white imp (D)
  An ooze (D)
  A bat skeleton (D)
  A bat zombie (D)
  A quokka simulacrum (D)
10 creatures vanquished.

Notes
Turn   | Place    | Note
-------+----------+-------------------------------------------
     0 | D        | Found the +6 Majin-Bo {vamp, Archmagi MP+6 Int+6}
     0 | D        | Found the +7 great mace "Firestarter" {inner flame, rF++}
     0 | D        | sanboga the Gargoyle Monk began the quest for the Orb.
     0 | D        | Reached XP level 1. HP: 14/14 MP: 1/1
     2 | D        | Found a deep blue altar of Sif Muna.
     2 | D        | Found a bloodstained altar of Trog.
     2 | D        | Found a sacrificial altar of Ru.
     2 | D        | Found a stormy altar of Qazlal.
     2 | D        | Found an iron altar of Okawaru.
     3 | D        | Found a sparkling altar of Nemelex Xobeh.
     3 | D        | Found a blossoming altar of Fedhas.
     5 | D        | Found a transporter.
     5 | D        | Found an ancient bone altar of Kikubaaqudgha.
     5 | D        | Found a viscous altar of Jiyva.
     5 | D        | Found a corrupted altar of Lugonu.
     5 | D        | Found a hazy altar of Hepliaklqana.
     5 | D        | Found a burning altar of Makhleb.
     5 | D        | Found an opulent altar of Gozag.
    49 | D        | Became a worshipper of Trog the Wrathful
    49 | D        | Reached * piety under Trog
    49 | D        | Reached ** piety under Trog
    63 | D        | Found the +9 heavy crossbow "Sniper" {velocity, Acc+∞ SInv}
    63 | D        | Found the +10 dark maul {crush}
    63 | D        | Found the +15 Maxwell's patent armour {-Cast -Tele rElec MR+ rCorr}
    63 | D        | Found the +18 shield of the Gong {rElec rN+ MR+ EV-5}
    63 | D        | Found the cursed +14 obsidian axe {chop, +Fly SInv *Curse}
    74 | D        | Entered arena 2.
    74 | D        | Found a transporter.
    77 | D        | Reached skill level 3 in Axes
    77 | D        | Reached XP level 2. HP: 20/20 MP: 2/2
   103 | D        | Entered arena 3.
   103 | D        | Found a transporter.
   106 | D        | Reached *** piety under Trog
   107 | D        | Reached skill level 1 in Armour
   110 | D        | Reached **** piety under Trog
   114 | D        | Entered arena 4.
   114 | D        | Found a transporter.
   116 | D        | Reached skill level 5 in Fighting
   116 | D        | Reached skill level 5 in Axes
   116 | D        | Reached XP level 3. HP: 26/26 MP: 3/3
   118 | D        | Reached XP level 4. HP: 25/32 MP: 4/4
   121 | D        | Reached skill level 6 in Axes
   176 | D        | Entered arena 5.
   176 | D        | Noticed a slime creature
   176 | D        | Noticed a slime creature
   176 | D        | Noticed a golden eye
   176 | D        | Found a transporter.
   182 | D        | Reached skill level 10 in Axes
   182 | D        | Reached XP level 5. HP: 30/36 MP: 5/5
   183 | D        | Reached ***** piety under Trog
   212 | D        | Slain by a slime creature

Skill      XL: |  1  2  3  4  5 |
---------------+----------------+-----
Fighting       | 4 5 |  5.9
Axes           | 3 5 10 | 10.9
Dodging        | 3 |  3.0
Stealth        | 3 |  3.4
Armour         | 2 3 4 |  4.0

Action                   |  1- 3 |  4- 6 || total
-------------------------+-------+-------++-------
Melee: Executioner's axe |     8 |    12 ||    20
Invok: Berserk           |     1 |       ||     1
       Burn Spellbooks   |     1 |       ||     1
  Use: Potion            |       |     3 ||     3
Armor: Plate armour      |    25 |    27 ||    52
Dodge: Dodged            |    10 |    11 ||    21
